Map: Ultralove

Players

Blanknown

  • Race: Terran Terran
  • League: Silver
  • Spawn Location: 1:00

wootwoot - Winner!

  • Race: Terran Terran
  • League: Silver
  • Spawn Location: 7:00

VOD

Have the link to the VOD?

Description

Time

  • Played on: April 21, 2025, 11:43 a.m.
  • Length: 2:51
Show
View Real Time Build Order
Export as new Build Order

Blanknown Terran 

Build Orders:  

Get SALT Encoding   

  12  0:01  SCV  
  13  0:13  Refinery  
  13  0:22  Refinery  
  13  0:23  SCV  
  14  0:35  SCV  
  15  0:38  Supply Depot  
  15  1:03  Barracks  
  15  1:09  Barracks  
  15  1:13  SCV  
  16  1:25  SCV  
  17  1:37  SCV  
  18  1:50  SCV  
  18  1:53  Factory, Barracks Reactor  
  19  1:59  Barracks Reactor  
  19  2:07  Supply Depot  
  16  2:32  SCV  
Show
View Real Time Build Order
Export as new Build Order

wootwoot Terran - Winner!

Build Orders:  

Get SALT Encoding   

  12  0:00  SCV  
  13  0:12  SCV  
  14  0:17  Supply Depot  
  14  0:24  SCV  
  15  0:30  Refinery  
  15  0:39  SCV  
  16  0:47  Barracks  
  16  1:04  Barracks  
  16  1:15  Barracks  
  16  1:24  Refinery  
  16  1:35  Reaper  
  17  1:45  Orbital Command  
  17  1:53  Reaper  
  18  2:02  Reaper  
  18  2:07  Reaper  
  20  2:15  SCV  
Tags
 
Matchup
TvT
Race
Terran
Replay Pack
#1B2M-Replays
Spawn Locations
Cross Positions
Add a new tag
Caveats
  • Supply blocks, unpowered buildings, or Contaminate may cause inaccurate times.
  • Supply counts are checked every 10 seconds.